 Dungeon Crawl Stone Soup version 0.28.0-49-g6dfe1f597d (webtiles) character file.

Game seed: 16026763432188268248

137 Zeld the Gusty (level 5, -9/30 HPs)
             Began as a Tengu Air Elementalist on May 17, 2022.
             Mangled by an iguana (14 damage)
             ... on level 4 of the Dungeon.
             The game lasted 00:02:52 (3739 turns).

Zeld the Gusty (Tengu Air Elementalist)             Turns: 3739, Time: 00:02:52

Health: -9/30      AC:  2    Str:  8    XL:     5   Next: 20%
Magic:  1/10       EV: 14    Int: 17    God:
Gold:   156        SH:  0    Dex: 15    Spells: 4/10 levels left

rFire   . . .      SeeInvis +   (no weapon)
rCold   . . .      Faith    .   (no shield)
rNeg    . . .      Spirit   .   a - +0 robe
rPois   .          Reflect  .   (helmet restricted)
rElec   .          Harm     .   (no cloak)
rCorr   .          Rampage  .   (no gloves)
Will    .....                   (boots unavailable)
Stlth   ++........              (no amulet)
HPRegen 0.10/turn               g - ring of see invisible
MPRegen 0.12/turn               (no ring)

@: flying quickly and evasively, quick
A: beak, talons 3, nimble flight
a: no special abilities


You were on level 4 of the Dungeon.
You visited 1 branch of the dungeon, and saw 4 of its levels.

You collected 156 gold pieces.

Inventory:

Armour
 a - a +0 robe (worn)
Jewellery
 g - a ring of see invisible (left hand)
Scrolls
 b - 4 scrolls of identify {unknown}
 c - 3 scrolls of teleportation {unknown}
 d - 2 scrolls of noise {unknown}
 e - a scroll of fog {unknown}
 f - a scroll of fear {unknown}
 h - a scroll of blinking {unknown}
 j - a scroll of torment {unknown}
Potions
 i - 2 potions of might {unknown}
 k - a potion of curing {unknown}


   Skills:
 * Level 2.0 Fighting
 - Level 2.1 Dodging
 + Level 2.7 Stealth
 * Level 3.0 Spellcasting
 - Level 2.0 Conjurations
 * Level 5.3 Air Magic


You had 4 spell levels left.
You knew the following spells:

 Your Spells              Type           Power      Damage    Failure   Level
a - Shock                 Conj/Air       60%        1d6       3%          1
b - Static Discharge      Conj/Air       15%        N/A       6%          2
c - Swiftness             Air            20%        N/A       6%          3

Your spell library contained the following spells:

 Spells                   Type           Power      Damage    Failure   Level
 Airstrike                Air            10%        N/A       19%         4
 Gell's Gravitas          Tloc           2%         N/A       45%         3
 Lesser Beckoning         Tloc           2%         N/A       45%         3
 Teleport Other           Tloc           2%         N/A       45%         3


Dungeon Overview and Level Annotations

Branches:
Dungeon (4/15)
 Temple: D:4-7

Altars:
Nemelex Xobeh
Qazlal
Trog

Shops:
D:4 (

Annotations:
D:3 Grinder


Innate Abilities, Weirdness & Mutations

You have a beak for a mouth.
You have claws for feet.
Your magical nature lets you fly swiftly and evasively.


Message History

Press: ? - help, Shift-Dir - straight line, f - orc
Aim: an orc, wielding a +0 mace (moderately wounded, 71% to hit)
The zap hits the orc.
The orc is severely wounded.
Unknown command.
Casting: Shock (safe; 3% risk of failure)
Confirm with . or Enter, or press ? or * to list all spells.
Aiming: Shock (safe; 3% risk of failure)
Press: ? - help, Shift-Dir - straight line, f/p - orc
Aim: an orc, wielding a +0 mace (severely wounded, 71% to hit)
The zap hits the orc.
You kill the orc!
Unknown command.
Casting: Shock (safe; 3% risk of failure)
Confirm with . or Enter, or press ? or * to list all spells.
Aiming: Shock (safe; 3% risk of failure)
Press: ? - help, Shift-Dir - straight line, f - hobgoblin
Aim: a hobgoblin (71% to hit)
The zap hits the hobgoblin.
The hobgoblin is almost dead.
The hobgoblin barely misses you.
Unknown command.
The hobgoblin hits you.
* * * LOW HITPOINT WARNING * * *
You hit the hobgoblin but do no damage.
The hobgoblin is almost dead.
The hobgoblin hits you.
* * * LOW HITPOINT WARNING * * *
Casting: Shock (safe; 3% risk of failure)
Confirm with . or Enter, or press ? or * to list all spells.
Aiming: Shock (safe; 3% risk of failure)
Press: ? - help, Shift-Dir - straight line, p - hobgoblin The zap misses the iguana.
The hobgoblin barely misses you. The iguana barely misses you.
Unknown command.
Unknown command.
You hit the hobgoblin but do no damage.
The hobgoblin is almost dead.
The hobgoblin closely misses you. The iguana bites you!
You die...

### ###
##.###.######
##8.#.#.#.#._#
#......l...._# ###
#.......g..g.# ..##
#)8.#.#.#.#gl#
.(.###.###.#8###@##
.......####### ###
...........?..
....##########
....# ....# ......
...###. ...# .


You could see an iguana and 2 hobgoblins.

Vanquished Creatures
  An orc priest (D:3)
  Jessica (D:3)
  5 dart slugs
  6 orcs
  6 ball pythons
  5 endoplasms
  3 giant cockroaches
  5 goblins
  5 hobgoblins
  6 jackals
  8 kobolds
  A quokka (D:2)
  3 bats
  4 rats
59 creatures vanquished.

Vanquished Creatures (others)
  2 plants (D:1)
2 creatures vanquished.

Grand Total: 61 creatures vanquished

Notes
Turn   | Place    | Note
-------+----------+-------------------------------------------
     0 | D:1      | Zeld the Tengu Air Elementalist began the quest for the
                  | Orb.
     0 | D:1      | Reached XP level 1. HP: 10/10 MP: 4/4
   586 | D:1      | Found a faded altar of an unknown god.
   615 | D:1      | Reached XP level 2. HP: 16/16 MP: 3/6
   969 | D:1      | Reached skill level 1 in Fighting
   969 | D:1      | Reached XP level 3. HP: 20/20 MP: 2/7
   972 | D:1      | Learned a level 2 spell: Static Discharge
   977 | D:1      | Learned a level 3 spell: Swiftness
  2001 | D:2      | Found a bloodstained altar of Trog.
  3055 | D:3      | Reached XP level 4. HP: 25/25 MP: 8/8
  3123 | D:3      | Reached skill level 5 in Air Magic
  3365 | D:3      | Noticed Jessica
  3376 | D:3      | Killed Jessica
  3377 | D:3      | Gained mutation: Your magical nature lets you fly swiftly
                  | and evasively. [Tengu growth]
  3377 | D:3      | Reached XP level 5. HP: 30/30 MP: 5/10
  3575 | D:3      | Noticed Grinder
  3686 | D:4      | Found Qapsiaz's Weapon Shoppe.
  3725 | D:4      | Found a stormy altar of Qazlal.
  3725 | D:4      | Found a sparkling altar of Nemelex Xobeh.
  3739 | D:4      | Mangled by an iguana

Illustrated notes

Levels and vault maps discovered:
D:1:      dpeg_arrival_signposts, layout_loops_cross,
          shapermc_ecumenical_altar_pompeii, serial_forest,
          infiniplex_forest_clump_double, infiniplex_forest_lined_3,
          infiniplex_forest_clump_double, infiniplex_forest_clump_tiny,
          infiniplex_forest_clump_double, infiniplex_forest_lined_room_2,
          infiniplex_forest_clump_C, st_stairs_3
D:2:      layout_loops_ring, basic_altar, minmay_misc_feat_hallway,
          minmay_quantized
D:3:      layout_basic, uniq_jessica, uniq_grinder
D:4:      layout_rooms, minitemple, serial_shops, shop, uniq_pikel, uniq_robin

Skill      XL: |  1  2  3  4  5 |
---------------+----------------+-----
Fighting       | 1 2 |  2.0
Conjurations   | 2 |  2.0
Air Magic      | 5 |  5.3
Spellcasting   | 3 |  3.0
Dodging        | |  2.1
Stealth        | |  2.7

Action                   |  1- 3 |  4- 6 || total
-------------------------+-------+-------++-------
Melee: Unarmed           |    20 |    10 ||    30
       Kick              |     5 |     3 ||     8
       Peck              |     4 |     1 ||     5
 Cast: Shock             |    39 |    35 ||    74
       Static Discharge  |    24 |     4 ||    28
 Stab: Sleeping          |     1 |       ||     1
Armor: Robe              |    10 |     3 ||    13
Dodge: Dodged            |    22 |    19 ||    41
